Map: Terraform LE (Void)

Players

ganahal - Winner!

  • Race: Terran Terran
  • League: Platinum

BatmanApollo

  • Race: Protoss Protoss
  • League: Diamond

VOD

Have the link to the VOD?

Description

Time

  • Played on: Sept. 30, 2015, 6:47 a.m.
  • Length: 12:41
Show
View Real Time Build Order
Export as new Build Order

ganahal Terran - Winner!

Build Orders: MMM Bio 

Get SALT Encoding   

  12  0:01  SCV  
  13  0:13  SCV  
  14  0:18  Supply Depot  
  14  0:25  SCV  
  15  0:39  SCV  
  15  0:41  Barracks  
  16  0:45  Refinery  
  16  0:52  SCV  
  17  1:04  SCV  
  18  1:18  SCV  
  19  1:29  Barracks Reactor  
  19  1:31  Orbital Command  
  19  1:45  Command Center  
  19  1:53  Supply Depot  
  19  1:56  SCV  
  20  2:06  Factory  
  20  2:08  Marine  
  20  2:12  Marine  
  22  2:19  SCV  
  23  2:23  Refinery  
  23  2:26  Bunker  
  23  2:28  Marine  
  24  2:31  Marine  
  24  2:32  SCV  
  26  2:44  SCV  
  26  2:45  Marine  
  26  2:49  Marine  
  29  2:52  Starport  
  29  2:54  Widow Mine  
  31  3:04  Orbital Command  
  31  3:08  SCV  
  32  3:13  Marine  
  32  3:17  Marine  
  34  3:20  SCV  
  35  3:28  Supply Depot, Widow Mine  
  35  3:31  SCV  
  38  3:34  Starport Tech Lab  
  38  3:38  SCV  
  38  3:40  Marine  
  40  3:42  Marine  
  40  3:45  SCV  
  42  3:50  SCV  
  42  3:54  Banshee  
  46  4:05  SCV  
  46  4:06  Marine  
  46  4:07  Marine  
  46  4:08  Widow Mine  
  51  4:15  SCV  
  52  4:17  Supply Depot  
  52  4:21  Liberator  
  52  4:25  Marine  
  52  4:26  Marine  
  54  4:36  Supply Depot  
  54  4:38  SCV x2  
  59  4:47  Supply Depot  
  59  4:51  SCV x2, Marine  
  59  4:52  Factory Tech Lab  
  62  4:56  Barracks  
  62  4:57  Marine  
  63  5:00  Barracks  
  63  5:02  Supply Depot  
  63  5:03  SCV x2  
  65  5:11  Engineering Bay  
  65  5:15  SCV x2  
  65  5:18  Unknown  
  65  5:20  Marine x2  
  69  5:24  Widow Mine  
  69  5:27  SCV  
  72  5:33  SCV  
  72  5:34  Starport Reactor  
  73  5:41  Refinery  
  73  5:42  Terran Infantry Weapons Level 1  
  73  5:43  Supply Depot, Refinery, SCV  
  74  5:50  SCV  
  74  5:51  Supply Depot  
  74  5:54  Liberator  
  75  6:00  Marine  
  75  6:01  Supply Depot, Ghost Academy, Marine  
  77  6:06  Combat Shields, Stimpack, Marauder x2  
  77  6:07  SCV  
  77  6:09  Liberator  
  81  6:18  Supply Depot  
  84  6:21  SCV  
  85  6:26  Supply Depot  
  85  6:27  SCV  
  85  6:29  Marauder  
  85  6:30  Marine x2  
  93  6:35  SCV  
  93  6:39  Widow Mine  
  94  6:42  Ghost  
  94  6:43  SCV  
  94  6:44  Liberator  
  99  6:48  Marine  
  99  6:49  Supply Depot  
  99  6:50  Supply Depot  
  102  6:54  Ghost  
  102  6:55  SCV  
  102  6:58  Marine  
  102  6:59  Liberator  
  104  7:02  SCV  
  104  7:06  Marine  
  104  7:07  SCV  
  110  7:10  Marine  
  111  7:16  Marine  
  111  7:22  SCV  
  116  7:23  Command Center, Marine x2  
  118  7:33  Marine  
  118  7:34  Marauder  
  121  7:38  Terran Infantry Armor Level 1  
  121  7:39  SCV, Liberator  
  121  7:40  Barracks  
  121  7:41  Barracks  
  121  7:42  Supply Depot, Marine  
  121  7:43  SCV, Marauder  
  121  7:44  Supply Depot  
  126  7:47  Supply Depot  
  126  7:49  Missile Turret  
  126  7:52  Marine  
  126  7:53  SCV  
  126  7:55  Marauder  
  124  8:34  Marine  
  124  8:35  Marauder  
  124  8:37  Liberator x2  
  124  8:55  Marauder, Marine  
  133  8:58  Barracks Tech Lab x2  
  133  9:01  Barracks x2  
  133  9:02  Armory, SCV  
  134  9:03  Engineering Bay  
  134  9:07  Command Center  
  134  9:08  Marauder, Marine  
  137  9:12  SCV  
  113  9:32  Marauder, Marine x2  
  113  9:33  SCV  
  113  9:37  Medivac x2  
  118  9:41  Marauder  
  118  9:43  Marauder x2  
  121  9:47  SCV  
  121  9:50  Marine  
  123  9:53  Terran Infantry Weapons Level 2  
  123  9:54  Terran Infantry Armor Level 2, Marauder  
  123  9:55  Barracks Tech Lab x2, Starport  
  123  9:59  SCV  
  125  10:07  SCV  
  127  10:13  Orbital Command  
  126  10:15  Marauder  
  126  10:16  Marine, Marauder x2  
  133  10:21  Missile Turret  
  133  10:26  Marauder, Marine  
  136  10:29  Marine  
  136  10:34  Marauder  
  139  10:37  Marauder x2  
  139  10:40  Marauder, Marine  
  139  10:41  SCV  
  147  10:44  Marine  
  148  10:50  Missile Turret  
  148  10:51  Medivac, Marauder x2  
  148  10:55  Marine  
  155  10:59  Planetary Fortress  
  155  11:05  Starport Reactor  
  155  11:06  Marauder x2  
  159  11:12  Marauder, Marine  
  159  11:13  SCV  
  159  11:14  Marauder, Refinery, Marine  
  159  11:15  Refinery  
  159  11:16  Medivac  
  168  11:20  Refinery  
  168  11:22  Refinery  
  168  11:23  Sensor Tower  
  168  11:27  Marine  
  168  11:36  SCV  
  168  11:39  Marine  
  171  11:40  Marauder  
  171  11:45  SCV  
  171  11:46  Marauder, Marine  
  170  11:52  Marauder, Marine  
  173  11:55  SCV, Marine  
  173  11:56  Marauder  
  173  11:58  SCV  
  178  12:02  Medivac x2  
Show
View Real Time Build Order
Export as new Build Order

BatmanApollo Protoss 

Build Orders: 1 Gate Expand, Colossus Rush 

Get SALT Encoding   

  12  0:01  Probe (Chrono Boost)  
  13  0:11  Probe (Chrono Boost)  
  14  0:18  Pylon  
  14  0:22  Probe (Chrono Boost)  
  15  0:35  Probe (Chrono Boost)  
  15  0:37  Gateway  
  16  0:45  Probe (Chrono Boost)  
  17  0:55  Probe (Chrono Boost)  
  18  1:10  Nexus  
  18  1:14  Assimilator  
  18  1:20  Probe (Chrono Boost)  
  19  1:28  Cybernetics Core  
  19  1:30  Probe (Chrono Boost)  
  20  1:38  Assimilator  
  20  1:41  Probe (Chrono Boost)  
  21  1:51  Probe (Chrono Boost)  
  22  1:57  Pylon  
  22  2:01  Probe (Chrono Boost)  
  23  2:14  Warp Gate  
  23  2:15  Probe (Chrono Boost), Adept  
  26  2:23  Probe (Chrono Boost)  
  26  2:25  Probe (Chrono Boost)  
  28  2:33  Mothership Core (Chrono Boost)  
  28  2:34  Probe (Chrono Boost)  
  31  2:44  Probe (Chrono Boost)  
  31  2:46  Robotics Facility  
  31  2:48  Adept  
  31  2:50  Probe (Chrono Boost)  
  35  2:54  Probe (Chrono Boost)  
  36  3:00  Probe (Chrono Boost)  
  36  3:05  Probe (Chrono Boost)  
  38  3:07  Pylon  
  38  3:10  Probe (Chrono Boost)  
  39  3:15  Probe (Chrono Boost)  
  39  3:18  Pylon  
  40  3:20  Probe (Chrono Boost)  
  40  3:22  Forge  
  40  3:25  Probe (Chrono Boost)  
  42  3:29  Adept  
  42  3:33  Observer (Chrono Boost)  
  45  3:35  Probe (Chrono Boost)  
  45  3:37  Probe  
  47  3:48  Probe  
  47  3:49  Probe  
  49  3:55  Photon Cannon  
  49  3:56  Adept  
  49  3:58  Warp Prism (Chrono Boost)  
  49  3:59  Photon Cannon  
  54  4:04  Gateway  
  53  4:11  Probe  
  53  4:15  Gateway  
  54  4:17  Gateway  
  54  4:18  Probe  
  54  4:20  Pylon  
  55  4:26  Probe  
  55  4:28  Assimilator  
  55  4:30  Assimilator  
  56  4:32  Observer (Chrono Boost)  
  57  4:39  Probe  
  57  4:41  Probe  
  57  4:43  Robotics Bay  
  59  4:46  Twilight Council  
  59  4:51  Probe  
  59  4:52  Probe  
  60  4:55  Immortal (Chrono Boost)  
  65  5:03  Pylon  
  65  5:09  Pylon  
  65  5:13  Probe  
  66  5:17  Probe  
  67  5:26  Probe  
  68  5:31  Nexus  
  68  5:32  Colossus (Chrono Boost)  
  68  5:33  Pylon  
  74  5:42  Sentry, Adept  
  78  5:44  Probe  
  78  5:46  Probe  
  80  5:54  Probe, Pylon  
  81  5:58  Probe  
  81  5:59  Extended Thermal Lance  
  81  6:04  Probe  
  82  6:10  Probe  
  84  6:15  Probe, Colossus (Chrono Boost)  
  85  6:22  Probe  
  92  6:25  Forge  
  92  6:30  Photon Cannon  
  92  6:31  Probe  
  93  6:37  Shield Upgrade (Chrono Boost)  
  93  6:38  Probe  
  93  6:39  Stargate  
  94  6:42  Probe  
  94  6:43  Probe  
  96  6:49  Assimilator  
  96  6:50  Probe, Pylon  
  96  6:52  Probe, Assimilator  
  97  6:57  Probe  
  97  7:01  Protoss Ground Weapons Level 1, Photon Cannon  
  99  7:03  Protoss Ground Armor Level 1  
  99  7:05  Probe x2  
  99  7:08  Colossus  
  101  7:09  Probe  
  101  7:13  Blink (Chrono Boost)  
  101  7:14  Probe  
  102  7:17  Probe  
  102  7:21  Probe  
  111  7:37  Stalker  
  111  7:38  Stalker x3  
  111  7:40  Probe  
  111  7:43  Gateway  
  120  7:44  Gateway  
  120  7:46  Gateway  
  120  7:51  Void Ray (Chrono Boost)  
  124  7:58  Disruptor  
  124  8:02  Pylon  
  124  8:05  Pylon  
  118  8:06  Pylon  
  115  8:15  Stalker x4  
  81  8:37  Void Ray (Chrono Boost)  
  81  8:40  Stalker  
  81  8:41  Stalker x3  
  88  8:58  Pylon  
  88  9:00  Gateway, Pylon  
  88  9:04  Adept x3  
  88  9:06  Disruptor  
  88  9:09  Stalker x2  
  73  9:33  Stalker x4  
  63  9:42  Stalker  
  63  9:44  Colossus  
  67  10:02  Nexus  
  67  10:03  Probe  
  67  10:04  Probe  
  65  10:12  Protoss Ground Weapons Level 2  
  65  10:15  Probe  
  65  10:16  Probe  
  67  10:25  Stalker x2  
  67  10:27  Probe  
  72  10:28  Probe  
  71  10:40  Probe  
  72  10:44  Probe, Oracle (Chrono Boost)  
  76  10:52  Probe  
  76  10:56  Probe  
  78  10:59  Adept  
  78  11:00  Disruptor  
  82  11:04  Mothership Core  
  82  11:08  Probe  
  86  11:12  Adept  
  88  11:26  Probe  
  88  11:27  Probe  
  89  11:53  Disruptor  
  78  11:56  Adept x6  
  92  12:04  Robotics Facility  
  92  12:06  Probe  
  78  12:25  Stalker x2  
  78  12:26  Stalker x3  
Tags
 
Add a new tag
Caveats
  • Supply blocks, unpowered buildings, or Contaminate may cause inaccurate times.
  • Supply counts are checked every 10 seconds.